 Dungeon Crawl Stone Soup version 0.27.1-35-g4d5d836560 (webtiles) character file.

Game seed: 11812987969978202098

1118 Delamore the Covert (level 8, 0/50 HPs)
             Began as an Octopode Brigand on Apr 21, 2022.
             Slain by a yak (15 damage)
             ... on level 4 of the Dungeon.
             The game lasted 00:05:21 (6588 turns).

Delamore the Covert (Octopode Brigand)              Turns: 6588, Time: 00:05:21

Health: 0/50       AC:  1    Str: 10    XL:     8   Next: 34%
Magic:  8/8        EV: 13    Int: 13    God:
Gold:   171        SH:  0    Dex: 16    Spells: 7/7 levels left

rFire    . . .     SeeInvis .   i - +2 dagger (venom)
rCold    . . .     Faith    .   (no shield)
rNeg     . . .     Spirit   .   (helmet restricted)
rPois    .         Reflect  .   (no amulet)
rElec    .         Harm     .   (no ring)
rCorr    .         Rampage  .   (no ring)
Will     .....                  (no ring)
Stlth    +++++.....             (no ring)
HPRegen  0.16/turn              (no ring)
MPRegen  0.11/turn              (no ring)
                                (no ring)
                                (no ring)

@: no status effects
A: almost no armour, amphibious, 8 rings, camouflage 1, gelatinous body 1,
(nimble swimmer 1), tentacles
a: no special abilities


You were on level 4 of the Dungeon.
You visited 1 branch of the dungeon, and saw 5 of its levels.
You also visited: Sewer.

You collected 171 gold pieces.

Inventory:

Hand Weapons
 a - a +2 dagger
 e - a +0 rapier of flaming
 i - a +2 dagger of venom (weapon)
 x - a +2 short sword
Missiles
 b - 34 poisoned darts
 c - a curare-tipped dart (quivered)
 j - 4 boomerangs
Scrolls
 d - a scroll of magic mapping
 k - a scroll of enchant weapon {unknown}
 l - 2 scrolls of vulnerability {unknown}
 m - a scroll of enchant armour {unknown}
 p - a scroll of silence {unknown}
 r - a scroll of amnesia {unknown}
 s - a scroll of teleportation {unknown}
 t - 2 scrolls of blinking {unknown}
 v - a scroll of summoning {unknown}
 w - a scroll of fog {unknown}
Potions
 f - a potion of mutation {unknown}
 g - 2 potions of might
 h - 2 potions of curing
 n - a potion of brilliance {unknown}
 o - 3 potions of haste
 q - a potion of berserk rage {unknown}
 u - 2 potions of heal wounds {unknown}


   Skills:
 - Level 2.0 Fighting
 * Level 8.1 Short Blades
 - Level 2.0 Throwing
 - Level 1.0 Dodging
 + Level 9.4 Stealth


You had 7 spell levels left.
You didn't know any spells.
Your spell library contained the following spells:

 Spells                   Type           Power      Damage    Failure   Level
 Sandblast                Erth           0%         2d4       30%         1
 Passwall                 Tmut/Erth      0%         N/A       43%         2
 Lee's Rapid Deconstruct  Erth           0%         3d5*      100%        5


Dungeon Overview and Level Annotations

Branches:
Dungeon (5/15)              Sewer (visited)
 Temple: D:4-7

Altars:


Innate Abilities, Weirdness & Mutations

You cannot wear most types of armour.
You are amphibious.
You can wear up to eight rings at the same time.
Your skin changes colour to match your surroundings (Stealth+).
Your rubbery body absorbs attacks. (AC +1, EV +1)
((You are camouflaged near water. (Stealth+)))
You have tentacles for arms and can constrict up to eight enemies at once.


Message History

The yak is lightly wounded.
Throw: 3 darts (curare)
Press: ? - help, Q - select action, (/) - cycle Shift-Dir - straight line, f - orc
Aim: an orc, wielding a +0 whip and wearing a +0 leather armour (62% to hit)
You throw a curare-tipped dart. The curare-tipped dart hits the orc.
The orc is poisoned.
The orc convulses.
You kill the orc!
The yak gores you.
You barely miss the yak.
The yak is moderately wounded.
The yak gores you.
* * * LOW HITPOINT WARNING * * *
You hit the yak but do no damage.
The yak looks even sicker.
You squeeze the yak!
The yak is moderately wounded.
You hit the yak but do no damage.
The yak is moderately wounded.
The yak misses you.
You hit the yak but do no damage.
The yak looks as sick as possible!
The yak is heavily wounded.
You hit the yak but do no damage.
The yak looks as sick as possible!
The yak is heavily wounded.
The yak barely misses you.
You hit the yak but do no damage.
The yak looks as sick as possible!
You squeeze the yak, but do no damage.
The yak is severely wounded.
The yak gores you!
* * * LOW HITPOINT WARNING * * *
Throw: 2 darts (curare)
Press: ? - help, Q - select action, (/) - cycle Shift-Dir - straight line, f - yak
Aim: a yak (severely wounded, extremely poisoned, 72% to hit)
You throw a curare-tipped dart.
The curare-tipped dart closely misses the yak.
The yak barely misses you.
Okay, then.
It was a potion of curing.
You feel better. The yak gores you!
* * * LOW HITPOINT WARNING * * *
You feel better. The yak gores you!
You die...

# #.............###........
##.)>...>.....# ##.......
#............# ##....[.. #
##...(......####......>) #
#..........# #......... #
##........####......... ##
#.......## #.......... .#
###..Y..# #.......... .#
###@.## ##.....).... .##
#### ##..........# #.#
###...........# #.# #######
##.......<####..
#.######.....#####..########
##. ##.##.........##..### ##
#.#.............## #
#..##..........## #
#...##..........#


You could see a yak (extremely poisoned).

Vanquished Creatures
  A necrophage (D:4)
  A centaur (D:5)
  2 phantoms (D:4)
  5 kobold brigands (Sewer)
  2 wights (D:4)
  Crazy Yiuf (D:3)
  An orc priest (D:5)
  An iguana (D:4)
  A hound skeleton (D:5)
  4 gnolls (D:4)
  4 river rats
  10 adders
  An ufetubus (D:4)
  3 worms
  A dart slug (D:3)
  3 orcs
  8 ball pythons
  7 endoplasms
  4 giant cockroaches
  5 goblins
  5 hobgoblins
  12 jackals
  9 kobolds
  4 quokkas
  10 bats
  2 frilled lizards (D:2)
  12 rats
119 creatures vanquished.

Vanquished Creatures (others)
  A fungus (D:3)
  4 toadstools (D:1)
5 creatures vanquished.

Grand Total: 124 creatures vanquished

Notes
Turn   | Place    | Note
-------+----------+-------------------------------------------
     0 | D:1      | Delamore the Octopode Brigand began the quest for the Orb.
     0 | D:1      | Reached XP level 1. HP: 14/14 MP: 1/1
   317 | D:1      | Reached XP level 2. HP: 7/19 MP: 2/2
  1069 | D:1      | Reached XP level 3. HP: 24/24 MP: 3/3
  1608 | D:2      | Reached skill level 6 in Stealth
  2468 | D:3      | Reached XP level 4. HP: 29/29 MP: 4/4
  3127 | D:3      | Found a runed translucent door.
  3128 | D:3      | Noticed Crazy Yiuf
  3135 | D:3      | Killed Crazy Yiuf
  3136 | D:3      | Reached XP level 5. HP: 34/34 MP: 5/5
  3581 | D:4      | Identified the +2 robe of the Raven {Will++ Regen+ Int+3}
  3879 | D:4      | Noticed a necrophage
  3886 | D:4      | Killed a necrophage
  3887 | D:4      | Reached skill level 5 in Short Blades
  3887 | D:4      | Reached skill level 7 in Stealth
  3887 | D:4      | Reached XP level 6. HP: 39/39 MP: 6/6
  4655 | D:5      | Entered Level 5 of the Dungeon
  4713 | D:5      | Found a glowing drain.
  4732 | Sewer    | Entered a sewer
  4829 | Sewer    | Reached XP level 7. HP: 45/45 MP: 7/7
  4840 | Sewer    | Reached skill level 8 in Stealth
  5624 | D:5      | Reached skill level 9 in Stealth
  5624 | D:5      | Reached XP level 8. HP: 28/50 MP: 8/8
  6365 | D:5      | Noticed a yak
  6368 | D:5      | Noticed a yak
  6368 | D:5      | Noticed a yak
  6368 | D:5      | Noticed a yak
  6368 | D:5      | Noticed a yak
  6588 | D:4      | Slain by a yak

Illustrated notes

Levels and vault maps discovered:
D:1:      ldierk_water_garden, layout_basic, corexii_corridor_pit
D:2:      layout_basic
D:3:      layout_rooms, uniq_crazy_yiuf_cottage
D:4:      layout_cave_pods
D:5:      layout_basic, portal_sewer_entry_a

Skill      XL: |  1  2  3  4  5  6  7  8 |
---------------+-------------------------+-----
Short Blades   | 3 4 5 6 7 8 |  8.1
Stealth        | 6 7 9 |  9.4
Fighting       | |  2.0
Throwing       | |  2.0
Dodging        | |  1.0

Action                   |  1- 3 |  4- 6 |  7- 9 || total
-------------------------+-------+-------+-------++-------
Melee: Dagger            |    75 |    96 |    59 ||   230
       Constrict         |    14 |    17 |    11 ||    42
       Tentacles         |     6 |    16 |    19 ||    41
       Rapier            |       |     8 |    21 ||    29
Throw: Dart              |     2 |     1 |     5 ||     8
  Use: Scroll            |       |     4 |       ||     4
       Potion            |       |       |     3 ||     3
 Stab: Sleeping          |    15 |    16 |    17 ||    48
       Distracted        |     1 |     1 |       ||     2
Armor: Skin              |     3 |     3 |       ||     6
Dodge: Dodged            |    36 |    40 |    36 ||   112
